 Dungeon Crawl Stone Soup version 0.29-a0-1027-gcd8c55af63 (webtiles) character file.

Game seed: 13438800449123424189

186 Manisian the Sneak (level 5, -5/24 HPs)
             Began as a Spriggan Enchanter on Aug 13, 2022.
             Slain by a gnoll bouda
             ... wielding a +0 whip
              (6 damage)
             ... on level 4 of the Dungeon.
             The game lasted 00:09:21 (3868 turns).

Manisian the Sneak (Spriggan Enchanter)             Turns: 3868, Time: 00:09:21

Health: -5/24      AC:  3    Str:  4    XL:     5   Next: 38%
Magic:  4/11       EV: 17    Int: 25    God:
Gold:   94         SH:  0    Dex: 15    Spells: 1/11 levels left

rFire   . . .      SeeInvis +   m - +3 dagger
rCold   . . .      Faith    .   (no shield)
rNeg    . . .      Spirit   .   b - +1 robe
rPois   .          Reflect  .   (helmet restricted)
rElec   .          Harm     .   (no cloak)
rCorr   .          Rampage  .   (gloves unavailable)
Will    .....                   (boots unavailable)
Stlth   +++.......              (no amulet)
HPRegen 0.08/turn               h - ring of wizardry
MPRegen 0.12/turn               q - +6 ring of intelligence

@: very quick
A: very small, no large weapons, unfitting armour, see invisible, speed 3
a: no special abilities


You were on level 4 of the Dungeon.
You visited 1 branch of the dungeon, and saw 4 of its levels.

You collected 94 gold pieces.

Inventory:

Hand Weapons
 a - a +1 dagger
 j - a +2 dagger of protection
 m - a +3 dagger (weapon)
Missiles
 e - 5 poisoned darts
 g - 61 stones (quivered)
Armour
 b - a +1 robe (worn)
 u - a +0 buckler
Jewellery
 h - a ring of wizardry (left hand)
 o - a ring of resist corrosion
 q - a +6 ring of intelligence (right hand)
 t - a ring of willpower
Wands
 r - a wand of charming (2)
Scrolls
 k - a scroll of teleportation
Potions
 c - 2 potions of invisibility
 d - 3 potions of curing
 f - 2 potions of degeneration {unknown}
 i - 3 potions of brilliance
 l - a potion of heal wounds {unknown}
 n - a potion of mutation
 p - a potion of flight {unknown}


   Skills:
 + Level 0.1 Fighting
 + Level 1.9 Short Blades
 + Level 0.2 Throwing
 + Level 2.7 Dodging
 - Level 6.0 Stealth
 + Level 3.7 Spellcasting
 + Level 4.8 Hexes
 + Level 1.7 Ice Magic


You had one spell level left.
You knew the following spells:

 Your Spells              Type           Power      Damage    Failure   Level
a - Ensorcelled Hibernat  Hex/Ice        42%        N/A       1%          2
b - Confusing Touch       Hex            29%        N/A       1%          3
c - Poisonous Vapours     Pois/Air       8%         N/A       6%          2
d - Dazzling Flash        Conj/Hex       32%        N/A       4%          3

Your spell library contained the following spells:

 Spells                   Type           Power      Damage    Failure   Level
 Tukima's Dance           Hex            29%        N/A       1%          3
 Gell's Gravitas          Tloc           4%         N/A       12%         3
 Teleport Other           Tloc           4%         N/A       12%         3
 Corpse Rot               Necr/Pois/Air  4%         N/A       34%         4
 Dispersal                Tloc           2%         N/A       99%         6


Dungeon Overview and Level Annotations

Branches:
Dungeon (4/15)
 Temple: D:4-7

Altars:
Cheibriados
Dithmenos
Qazlal

Annotations:
D:3 3 runed translucent doors, flotson's ghost, amateur DsFi


Innate Abilities, Weirdness & Mutations

You are very small and have problems with some larger weapons.
You are too small for most types of armour.
You have supernaturally acute eyesight. (SInv)
You cover ground extremely quickly. (Speed+++)


Message History

You hit the goblin.
You kill the goblin!
Items here: )) ††.
Things that are here:
a +0 dagger; a goblin corpse A hobgoblin and a gnoll bouda come into view.
You open the door.
Found a scroll labelled LUYCO SIANECW.
The gnoll bouda shouts!
You closely miss the hobgoblin.
The hobgoblin hits you but does no damage.
You hit the hobgoblin.
The hobgoblin is almost dead.
The hobgoblin barely misses you.
You hit the hobgoblin.
You kill the hobgoblin!
You barely miss the gnoll bouda. The gnoll bouda barely misses you.
You closely miss the gnoll bouda. The gnoll bouda closely misses you.
You hit the gnoll bouda.
The gnoll bouda is lightly wounded.
The gnoll bouda gazes fiercely through you!
You feel your attacks grow feeble. The gnoll bouda closely misses you.
You hit the gnoll bouda.
The gnoll bouda is moderately wounded.
You hit the gnoll bouda but do no damage.
The gnoll bouda is moderately wounded.
The gnoll bouda hits you with a +0 whip!
You hit the gnoll bouda.
The gnoll bouda is heavily wounded.
The gnoll bouda hits you with a +0 whip.
You hit the gnoll bouda.
The gnoll bouda is heavily wounded.
The gnoll bouda hits you with a +0 whip!
* * * LOW HITPOINT WARNING * * *
You hit the gnoll bouda.
The gnoll bouda is heavily wounded.
Your attacks no longer feel as feeble.
The gnoll bouda hits you with a +0 whip.
You die...

#.### #.. #.#.#
##.. ###.... ##
#... .#...#.. .
... ........ #
.#.. .<..... #.
###.. .##..#. #..
#?#.###.# ##....
#..##'@g...+
#.....
#...#####...
.....#.. #...#.#
.. ..#####.
#####.# .## #.#
## #...#.# .#. ..
# #.#...##+##.
.#.. #
#..##+.....+ #..
## ##.# #.###.#
#.## ##.
#..###..#..###..#
#..


You could see a gnoll bouda.

Vanquished Creatures
  A hound (D:4)
  A jelly (D:3)
  An orc wizard (D:2)
  4 adders
  9 orcs
  3 bats
  2 endoplasms
  A giant cockroach (D:2)
  5 goblins
  8 hobgoblins
  4 jackals (D:1)
  A quokka (D:1)
  5 ball pythons
  2 frilled lizards (D:1)
  6 kobolds
  A rat (D:3)
54 creatures vanquished.

Notes
Turn   | Place    | Note
-------+----------+-------------------------------------------
     0 | D:1      | Manisian the Spriggan Enchanter began the quest for the
                  | Orb.
     0 | D:1      | Reached XP level 1. HP: 9/9 MP: 5/5
   276 | D:1      | Found a faded altar of an unknown god.
   444 | D:1      | Reached XP level 2. HP: 13/13 MP: 6/6
   542 | D:1      | Learned a level 2 spell: Ensorcelled Hibernation
   606 | D:1      | Reached skill level 5 in Stealth
  1223 | D:2      | Reached XP level 3. HP: 16/16 MP: 5/8
  1227 | D:2      | Learned a level 3 spell: Confusing Touch
  1767 | D:2      | Reached skill level 6 in Stealth
  2079 | D:2      | Reached skill level 1 in Ice Magic
  2079 | D:2      | Reached XP level 4. HP: 21/21 MP: 4/9
  2083 | D:2      | Learned a level 3 spell: Dazzling Flash
  2541 | D:3      | Found a stormy altar of Qazlal.
  3020 | D:3      | Found a shadowy altar of Dithmenos.
  3070 | D:3      | Reached XP level 5. HP: 11/24 MP: 1/11
  3226 | D:3      | Learned a level 2 spell: Poisonous Vapours
  3407 | D:3      | Found a runed translucent gate.
  3408 | D:3      | Found a runed translucent gate.
  3409 | D:3      | Found a runed translucent gate.
  3410 | D:3      | Noticed flotson's ghost (amateur DsFi)
  3417 | D:3      | Identified the +1 ring mail "Ceta" {rN+ rCorr SInv Stlth+}
  3596 | D:4      | Found a snail-covered altar of Cheibriados.
  3867 | D:4      | HP: 1/24 [gnoll bouda/+0 whip (11)]
  3868 | D:4      | Slain by a gnoll bouda

Illustrated notes

Levels and vault maps discovered:
D:1:      dpeg_arrival_renting, layout_basic, ebering_ecumenical_altar_ruins,
          serial_corexii_hall, corexii_hall_statues_x,
          chequers_hall_statues_wall_a, corexii_hall_statues_l,
          chequers_hall_statues_corner_a
D:2:      layout_basic
D:3:      layout_basic, mainiacjoe_overflow_concentric_impassable,
          grunt_dithmenos_smoke, biasface_ghost_orc_armoury, dk_noncrumbling_2,
          minmay_misc_feat_five, amcnicky_mini_pool_small
D:4:      layout_cave_pools, nicolae_overflow_crystal_walls,
          mainiacjoe_overflow_alcove_4, temple_hall, gup_sewer_entry_bubbles,
          minmay_fractal_squares_diagonal_5

Skill      XL: |  1  2  3 |
---------------+----------+-----
Stealth        | 5 6 |  6.0
Hexes          | 4 |  4.8
Spellcasting   | 3 |  3.7
Ice Magic      | 1 |  1.7
Fighting       | |  0.1
Short Blades   | |  1.9
Throwing       | |  0.2
Dodging        | |  2.7

Action                   |  1- 3 |  4- 6 || total
-------------------------+-------+-------++-------
Melee: Dagger            |    48 |    43 ||    91
       Punch             |     1 |       ||     1
Throw: Stone             |     8 |     4 ||    12
 Cast: Ensorcelled Hiber |    29 |    26 ||    55
       Poisonous Vapours |       |     3 ||     3
  Use: Scroll            |     3 |     5 ||     8
 Stab: Sleeping          |    21 |    20 ||    41
Armor: Robe              |     6 |     2 ||     8
Dodge: Dodged            |    30 |    17 ||    47

Table legend: (Time is in decaauts)
 A = Elapsed time spent in this place.
 B = Non-inter-level travel time spent in this place.
 C = Inter-level travel time spent in this place.
 D = Time resting spent in this place.
 E = Time spent auto-exploring this place.
 F = Levels seen in this place.
 G = Mean time per level.
                   A        B        C        D        E       F      G
               +--------+--------+--------+--------+--------+-----+--------+
         Total |   3024 |   2901 |    123 |   1076 |   1033 |   4 |  756.0 |
       Dungeon |   3024 |   2901 |    123 |   1076 |   1033 |   4 |  756.0 |
               +--------+--------+--------+--------+--------+-----+--------+

Top non-repeatable levels by time:
     D:2: 1206 daAuts
     D:3: 828 daAuts
     D:1: 743 daAuts
     D:4: 246 daAuts
